lillithe, chaotic female human Rogue ---- ----------- --.>-------- |.........| |..........| |.........| |.`-----.-.| |.........| |..|...|`..| |....<....| |.`.....`.-| |.........| |.......|..| |.........| |.----..--.| |.......[.| |.....@..|.-- |.........| |.---.-....%------------|| |...|...-...@u)B.)@......| |.........---------------- -----..|..| ------- lillithe the Rogue Experience level: 7 Strength: 13 Dexterity: 18 Constitution: 13 Intelligence: 11 Wisdom: 14 Charisma: 11 Health: 0(53) Energy: 35(35) Def: 6 Gold: 0 Moves: 7283 Dungeon seed: UI6IhsVrSGyDSt2s Game ID: lillithe_1534278372 Your Inventory: Weapons a - an uncursed +0 elven dagger named Sharptooth b - 5 uncursed +0 daggers (in quiver) c - a blessed +1 dagger named Sharptooth +1 (weapon in hand) H - 2 uncursed +0 daggers Armor e - an uncursed +1 leather armor (being worn) n - an uncursed +0 T-shirt (being worn) q - an uncursed +0 pair of elven boots (being worn) t - an uncursed +0 dwarvish cloak (being worn) y - a blessed +0 Uruk-hai shield (being worn) O - an uncursed +0 orcish helm (being worn) Comestibles l - an uncursed banana p - 5 uncursed tripe rations v - an uncursed tin of newt meat w - an uncursed egg x - an uncursed lizard corpse Z - an uncursed cherry Rings g - an uncursed ring of free action Wands F - a cursed wand of fire (0:6) Tools h - a cursed tallow candle (0:200) k - an uncursed skeleton key m - an uncursed towel B - an uncursed bag of holding W - 4 uncursed tallow candles (0:200) Contents of the bag of holding: an uncursed food ration an uncursed wand of enlightenment (0:11) an uncursed wand of lightning (0:7) an uncursed sack Spells and supernatural/magical abilities: Name Level Category Fail Memory W - pray for help -- divine ? -- Your skills at the end: Fighting Skills Weapon Skills dagger [Expert] short sword [Basic] Spellcasting Skills Final Attributes: You were piously aligned. You were fire resistant. You were poison resistant. You were stealthy. You are dead. Vanquished creatures: a leprechaun a lizard a housecat a dwarf lord a blue jelly a dust vortex 2 apes a human zombie a wood nymph 2 water nymphs 2 mountain nymphs 2 Uruk-hai an orc shaman a rock piercer a rock mole 3 ponies a fog cloud 3 shriekers 9 gnome lords 2 gnomish wizards a gray ooze 4 elf zombies a ghoul a straw golem a paper golem 3 giant ants a little dog 5 floating eyes a kitten 7 dwarves 2 kobold lords 4 hill orcs a centipede 2 giant bats 3 monkeys an orc zombie a werejackal an iguana 2 killer bees 2 coyotes a gas spore 2 hobbits 4 manes 2 hobgoblins a giant rat 3 cave spiders a brown mold 4 yellow molds a green mold 2 red molds 29 gnomes a garter snake a gnome zombie 5 geckos 2 jackals 3 foxes a goblin a sewer rat 16 grid bugs 2 bats 4 lichens 6 newts 173 creatures vanquished. Voluntary challenges: You used a wielded weapon 169 times, starting on turn 81. You read items or engraved 53 times, starting on turn 896. You never genocided any monsters. You never polymorphed an object. You never changed form. You used no wishes. You never split a pudding. You wrote Elbereth's name 49 times, starting on turn 896. You never violated your personal moral code. Dungeon overview: The Dungeons of Doom: levels 1 to 7 Level 1 some altars to Issek and Mog a long staircase Level 2 a fountain Level 3 stairs to The Gnomish Mines Level 4 Level 5 a sink Level 6 many fountains Level 7 stairs to Sokoban The Gnomish Mines: levels 4 to 7 Level 4 (stash) stairs to The Dungeons of Doom Level 5 Level 6 many shops, a temple to Issek, some fountains, some trees Level 7 Sokoban: levels 5 to 6 Level 5 <- You were here Level 6 (stash) stairs to The Dungeons of Doom History has recorded: On T:1 you entered the Dungeons of Doom to retrieve the Amulet of Yendor! On T:369 you reached level 2 of The Dungeons of Doom. On T:533 you reached level 3 of The Dungeons of Doom. On T:757 you reached level 4 of The Dungeons of Doom. On T:848 you advanced to experience level 2. On T:893 you reached level 1 of The Gnomish Mines. On T:977 you advanced to experience level 3. On T:1434 you advanced to experience level 4. On T:1806 you reached level 2 of The Gnomish Mines. On T:1970 you advanced to experience level 5. On T:2489 you advanced to experience level 6. On T:2790 you reached level 3 of The Gnomish Mines. On T:3278 you reached level 4 of The Gnomish Mines. On T:4447 you reached level 5 of The Dungeons of Doom. On T:5147 you reached level 6 of The Dungeons of Doom. On T:5288 you advanced to experience level 7. On T:5665 you reached level 7 of The Dungeons of Doom. On T:5709 you reached level 4 of Sokoban. On T:6252 you reached level 3 of Sokoban. Score breakdown: Gold: 0 ( 0 points) Experience: 7 levels (13645 points) Exploration: 7 levels ( 14.00%) (10497 points) Discoveries: 15 items ( 5.03%) ( 6730 points) Valuables value: (no points given unless you survive) Artifact value: 0 ( 0 points) Variety of kills: 62 monsters ( 16.27%) (12101 points) Turncount: 7283 turns (-1910 points) Survival: died (score multiplied by 80%) Total score: 32850 Latest messages: You add to the writing in the dust with your fingers. The white unicorn turns to flee! The dagger hits the white unicorn. g - a ruby ring. You see here a tallow candle. The werejackal throws a runed spear! The runed spear hits the raven. h - a tallow candle. You throw 2 daggers. The 1st dagger hits the white unicorn. The 2nd dagger hits the white unicorn. The white unicorn butts! The white unicorn kicks! You write in the dust with your fingers. The white unicorn butts! The white unicorn kicks! The white unicorn butts! You die... The sack is empty. The sack is empty. Final status: Goodbye lillithe the Rogue, killed by a white unicorn... You died in Sokoban on dungeon level 5 with 32850 points, and 0 pieces of gold, after 7283 moves. You were level 7 with a maximum of 53 hit points when you died.